 Dungeon Crawl Stone Soup version 0.27-a0-1525-g1038ab4fd7 (webtiles) character file.

Game seed: 6339377505090841285

115 hatdisgam the Slasher (level 5, -2/27 HPs)
             Began as a Vine Stalker Fighter on July 11, 2021.
             Slain by an ogre (11 damage)
             ... on level 4 of the Dungeon.
             The game lasted 00:03:10 (2873 turns).

hatdisgam the Slasher (Vine Stalker Fighter)        Turns: 2873, Time: 00:03:11

Health: -2/27      AC:  6    Str: 18    XL:     5   Next: 0%
Magic:  0/6        EV: 10    Int:  9    God:
Gold:   164        SH:  0    Dex: 14    Spells: 4/4 levels left

rFire    . . .     SeeInvis .   a - +0 long sword
rCold    . . .     Faith    .   (no shield)
rNeg     . . .     Spirit   +   b - +0 scale mail
rPois    .         Reflect  .   (no helmet)
rElec    .         Harm     .   (no cloak)
rCorr    .         Rampage  .   (no gloves)
Will     .....                  (no boots)
Stlth    ..........             m - amulet of magic regeneration
HPRegen  1.09/turn              (no ring)
MPRegen  0.35/turn              (no ring)

@: no status effects
A: fangs 2, regeneration 1, magic shield, antimagic bite, no potion heal 2
a: no special abilities


You were on level 4 of the Dungeon.
You visited 1 branch of the dungeon, and saw 4 of its levels.

You collected 164 gold pieces.

Inventory:

Hand Weapons
 a - a +0 long sword (weapon)
 h - a +0 dagger
Missiles
 j - 85 stones (quivered)
 k - 55 bolts
 l - 17 poisoned darts
 o - 45 arrows
Armour
 b - a +0 scale mail (worn)
 c - a +0 kite shield
Jewellery
 m - an amulet of magic regeneration (around neck)
 q - a +6 ring of intelligence
 u - an amulet of guardian spirit
Wands
 t - a wand of digging (10)
Scrolls
 e - 2 scrolls of identify {unknown}
 g - a scroll of teleportation {unknown}
 i - 2 scrolls of enchant armour {unknown}
 p - a scroll of blinking {unknown}
 s - a scroll of noise {unknown}
 v - a scroll of vulnerability {unknown}
Potions
 d - a potion of might
 f - a potion of curing {unknown}
 n - a potion of cancellation {unknown}
 r - a potion of lignification {unknown}


   Skills:
 - Level 2.6 Fighting
 * Level 3.8 Long Blades
 - Level 2.4 Armour
 + Level 1.9 Dodging
 - Level 2.6 Shields


You had 4 spell levels left.
You didn't know any spells.
Your spell library contained the following spells:

 Spells                   Type           Power      Damage    Failure   Level
 Ensorcelled Hibernation  Hex/Ice        0%         N/A       89%         2
 Spider Form              Tmut/Pois      0%         N/A       98%         3
 Stone Arrow              Conj/Erth      0%         3d7       98%         3
 Airstrike                Air            0%         N/A       100%        4
 Animate Armour           Summ/Erth      0%         N/A       100%        4
 Summon Lightning Spire   Summ/Air       0%         N/A       100%        4
 Lightning Bolt           Conj/Air       0%         1d11      100%        5
 Shadow Creatures         Summ           N/A        N/A       100%        6
 Lehudib's Crystal Spear  Conj/Erth      0%         10d2      100%        8


Dungeon Overview and Level Annotations

Branches:
Dungeon (4/15)
 Temple: D:4-7

Altars:
Cheibriados
Vehumet
Yredelemnul

Shops:
D:2 ((*!


Innate Abilities, Weirdness & Mutations

You have extremely sharp teeth.
Your natural rate of healing is unusually fast.
When hurt, damage is shared between your health and your magic reserves.
Your bite disrupts and absorbs the magic of your enemies.
Potions cannot restore your health.


Message History

You open the door.
There is an open door here.
A giant cockroach and an ogre come into view.
The ogre shouts!
Found a scroll labelled TEEFEY UMOS and 14 stones.
There are monsters nearby!
There are monsters nearby!
The giant cockroach bites you but does no damage.
You hit the giant cockroach. Your bite misses the giant cockroach.
The giant cockroach is severely wounded.
The giant cockroach barely misses you.
You hit the giant cockroach but do no damage.
You bite the giant cockroach, but do no damage.
The giant cockroach is severely wounded.
The giant cockroach closely misses you.
You riposte.
You closely miss the giant cockroach.
The giant cockroach is severely wounded.
The giant cockroach bites you but does no damage.
You hit the giant cockroach.
The giant cockroach is almost dead.
The giant cockroach bites you but does no damage.
You closely miss the giant cockroach. Your bite misses the giant cockroach.
The giant cockroach is almost dead.
The giant cockroach bites you but does no damage.
You barely miss the giant cockroach. You bite the giant cockroach.
You kill the giant cockroach!
You have reached level 5!
You slash the ogre! Your bite misses the ogre.
The ogre is moderately wounded.
The ogre barely misses you.
Your scale mail prevents you from hitting the ogre.
Your bite misses the ogre.
The ogre is moderately wounded.
The ogre hits you with a +0 giant club!!
Ouch! That really hurt!
* * * LOW HITPOINT WARNING * * *
You hit the ogre.
The ogre is heavily wounded.
The ogre hits you with a +0 giant club!
You die...

####### ### ......# ..#
#####.# #.# ....#.#
########.# ###.#.#
#.....##(# ..#.#.#
#.....##.# ......#
#.....##@# ..#.###
#.#...##O# .
..#.#######.#.##.##....
..........#.#.'......#
..#.#####.#.#.##.##..#
..#.# #.#.#.##.# .#
..#.# #...####.. #
..#.### ##### #..?
.##.... .... ....#


You could see an ogre.

Vanquished Creatures
  A hound zombie (D:3)
  A howler monkey zombie (D:3)
  A gnoll (D:3)
  2 adders (D:3)
  An adder zombie (D:3)
  3 dart slugs
  An orc (D:3)
  6 endoplasms
  2 giant cockroaches
  5 goblins
  8 hobgoblins
  5 kobolds
  4 ball pythons
  A ball python zombie (D:3)
  A bat (D:1)
  3 frilled lizards
  3 rats
48 creatures vanquished.

Notes
Turn   | Place    | Note
-------+----------+-------------------------------------------
     0 | D:1      | hatdisgam the Vine Stalker Fighter began the quest for the
                  | Orb.
     0 | D:1      | Reached XP level 1. HP: 11/11 MP: 2/2
    22 | D:1      | Reached skill level 2 in Long Blades
   339 | D:1      | Reached XP level 2. HP: 16/16 MP: 3/3
  1028 | D:1      | Reached skill level 1 in Dodging
  1144 | D:2      | Found Onkoi's Weapon Shoppe.
  1157 | D:2      | Found Kurral's Antique Weapon Shop.
  1165 | D:2      | Reached XP level 3. HP: 16/19 MP: 4/4
  1728 | D:2      | Found Toimm's Distillery.
  1774 | D:2      | Found Hekeh's General Store.
  1886 | D:3      | Found a radiant altar of Vehumet.
  1891 | D:3      | Reached skill level 3 in Long Blades
  1891 | D:3      | Found a snail-covered altar of Cheibriados.
  1929 | D:3      | Gained mutation: Your natural rate of healing is unusually
                  | fast. [Vine Stalker growth]
  1929 | D:3      | Reached XP level 4. HP: 14/23 MP: 5/5
  1948 | D:3      | Found a basalt altar of Yredelemnul.
  2237 | D:3      | Found a faded altar of an unknown god.
  2859 | D:4      | Noticed an ogre
  2871 | D:4      | Reached XP level 5. HP: 27/27 MP: 6/6
  2873 | D:4      | Slain by an ogre

Illustrated notes

Levels and vault maps discovered:
D:1:      lemuel_arrival_behind_the_door_small, layout_basic
D:2:      layout_loops_ring, serial_shops, nicolae_shop_behind_doors, shop,
          shop, nicolae_diamond_shop, ebering_dispersal_statue_hall
D:3:      layout_basic, nicolae_yredelemnul_corpse_copse, jmf_multi_god_temple,
          hellmonk_ecumenical_altar_arch_garden, st_stairs_7,
          minmay_goblin_outpost
D:4:      layout_basic, mainiacjoe_overflow_24_doors, serial_co_window_serial,
          co_window_corner_a, co_window_corner_a, co_window_of_opportunity_a,
          co_window_of_opportunity_a, co_window_paths_a,
          co_window_of_opportunity_a, co_window_corner_a,
          co_window_of_opportunity_c, co_window_unsneaky_path_d,
          co_window_unsneaky_path_b, co_window_cross_4, glass_columns_b

Skill      XL: |  1  2  3 |
---------------+----------+-----
Long Blades    | 2 3 |  3.8
Dodging        | 1 |  1.9
Fighting       | |  2.6
Armour         | |  2.4
Shields        | |  2.6

Action                   |  1- 3 |  4- 6 || total
-------------------------+-------+-------++-------
Melee: Long sword        |    68 |    62 ||   130
       Bite              |    20 |    19 ||    39
Armor: Scale mail        |    35 |    38 ||    73
Dodge: Dodged            |    33 |    47 ||    80
       Rpst.: Long sword |    10 |    14 ||    24

Table legend: (Time is in decaauts)
 A = Elapsed time spent in this place.
 B = Non-inter-level travel time spent in this place.
 C = Inter-level travel time spent in this place.
 D = Time resting spent in this place.
 E = Time spent auto-exploring this place.
 F = Levels seen in this place.
 G = Mean time per level.
                   A        B        C        D        E       F      G
               +--------+--------+--------+--------+--------+-----+--------+
         Total |   2904 |   2835 |     69 |      0 |   2458 |   4 |  726.0 |
       Dungeon |   2904 |   2835 |     69 |      0 |   2458 |   4 |  726.0 |
               +--------+--------+--------+--------+--------+-----+--------+

Top non-repeatable levels by time:
     D:1: 1155 daAuts
     D:3: 973 daAuts
     D:2: 686 daAuts
     D:4: 88 daAuts
